 Dungeon Crawl Stone Soup version 0.31-a0-851-g7ff8af7976 (webtiles) character file.

Game seed: 2140311607282560427

457 Maratek the Poker (level 6, -2/56 HPs)
             Began as a Minotaur Fighter on Oct 6, 2023.
             Slain by an iguana (6 damage)
             ... on level 5 of the Dungeon.
             The game lasted 00:03:06 (2167 turns).

Maratek the Poker (Minotaur Fighter)                Turns: 2167, Time: 00:03:06

Health: -2/56      AC:  8    Str: 23    XL:     6   Next: 77%
Magic:  5/5        EV:  9    Int:  5    God:
Gold:   132        SH:  4    Dex:  9    Spells: 5/5 levels left

rFire   . . .        a - +0 trident
rCold   . . .        c - +0 buckler
rNeg    . . .        b - +0 scale mail
rPois   +            (helmet restricted)
rElec   .            (no cloak)
rCorr   .            l - +0 pair of gloves
SInv    .            (no boots)
Will    .....        (no amulet) Stlth
                     k - ring of poison resistance
HPRegen 0.29/turn    (no ring)
MPRegen 0.09/turn

%: no passive effects
@: no status effects
A: horns 2, retaliatory headbutt
a: no special abilities


You were on level 5 of the Dungeon.
You visited 2 branches of the dungeon, and saw 5 of its levels.

You collected 132 gold pieces.

Inventory:

Hand Weapons
 a - a +0 trident (weapon)
Armour
 b - a +0 scale mail (worn)
 c - a +0 buckler (worn)
 l - a +0 pair of gloves (worn)
Jewellery
 k - a ring of poison resistance (left hand)
 s - a ring of willpower
Wands
 p - a wand of iceblast (5)
Scrolls
 h - 2 scrolls of teleportation {unknown}
 i - 3 scrolls of identify {unknown}
 j - a scroll of amnesia {unknown}
 m - a scroll of immolation {unknown}
 o - a scroll of revelation {unknown}
 q - 3 scrolls of noise {unknown}
Potions
 d - a potion of might
 e - a potion of resistance {unknown}
 f - a potion of brilliance {unknown}
 g - a potion of curing {unknown}
 n - 2 potions of ambrosia {unknown}
 r - 2 potions of attraction {unknown}


   Skills:
 + Level 5.1 Fighting
 + Level 6.6 Polearms
 + Level 5.0 Armour
 + Level 0.8 Dodging
 + Level 4.3 Shields


You had 5 spell levels left.
You didn't know any spells.
Your spell library contained the following spells:

 Spells                   Type           Power      Damage    Failure   Level
 Vhi's Electric Charge    Tloc/Air       0%         N/A       100%        4
 Arcjolt                  Conj/Air       0%         1d10      100%        5
 Plasma Beam              Fire/Air       0%         2x1d10    100%        6


Dungeon Overview and Level Annotations

Branches:
Dungeon (5/15)             Temple (1/1) D:5

Altars:
Dithmenos
Fedhas
Gozag
Hepliaklqana
Kikubaaqudgha
Nemelex Xobeh
Sif Muna
Trog
Uskayaw
Vehumet
Zin

Annotations:
D:5 Pikel
Temple 2 transporters


Innate Abilities, Weirdness & Mutations

You have a pair of horns on your head.
You reflexively headbutt those who attack you in melee.


Message History

You are too injured to fight recklessly!
You are too injured to fight recklessly!
You are too injured to fight recklessly!
You puncture Menkaure! You headbutt Menkaure!
Menkaure is almost destroyed.
An iguana comes into view.
Menkaure hits you!
You puncture Menkaure!
You destroy Menkaure!
Your Fighting skill increases to level 5!
Your Armour skill increases to level 5!
The iguana bites you!
* * * LOW HITPOINT WARNING * * *
You barely miss the iguana. The iguana closely misses you.
You furiously retaliate!
You headbutt the iguana. You hit the iguana but do no damage.
The iguana is lightly wounded.
The iguana closely misses you.
You hit the iguana but do no damage.
The iguana is lightly wounded.
The iguana bites you.
* * * LOW HITPOINT WARNING * * *
You hit the iguana.
The iguana is lightly wounded.
The iguana hisses menacingly.
The iguana bites you!
* * * LOW HITPOINT WARNING * * *
You hit the iguana but do no damage. Your headbutt misses the iguana.
The iguana is lightly wounded.
The iguana closely misses you.
You hit the iguana but do no damage.
The iguana is lightly wounded.
The iguana bites you but does no damage.
You hit the iguana but do no damage.
The iguana is lightly wounded.
The iguana misses you.
You puncture the iguana! You headbutt the iguana.
The iguana is almost dead.
The iguana bites you.
You die...

'######## #.# ..## #.#
...## ####.# ....##
##.#..####
.....####........####...
.....+..................
.....####....###.####.#.
....#####.....##l# ...##
#.....#.##@# ..##
##.##.##.##.#
'#####.........#.#
.###.............#
.#...#..⌠...⌠..#.#
.#.###.........#.#
...#......>......#
...#.#.........#.#
.....#..⌠...⌠..#.#


You could see an iguana.

Vanquished Creatures
  Menkaure (D:5)
  Blork the orc (D:5)
  A scorpion (D:4)
  A jelly (D:4)
  3 hounds (D:4)
  3 adders
  An ufetubus (D:5)
  2 worms
  A dart slug (D:5)
  3 ball pythons
  3 bats
  3 endoplasms
  A giant cockroach (D:2)
  5 hobgoblins
  4 jackals (D:2)
  5 kobolds
  2 frilled lizards
  3 goblins
  3 rats (D:1)
46 creatures vanquished.

Notes
Turn   | Place    | Note
-------+----------+-------------------------------------------
     0 | D:1      | Maratek the Minotaur Fighter began the quest for the Orb.
     0 | D:1      | Reached XP level 1. HP: 19/19 MP: 0/0
   346 | D:1      | Reached XP level 2. HP: 19/27 MP: 1/1
   533 | D:2      | Reached XP level 3. HP: 33/33 MP: 2/2
   634 | D:2      | Reached skill level 3 in Polearms
   719 | D:2      | You fall into a shaft and drop 2 floors!
   803 | D:4      | Reached XP level 4. HP: 41/41 MP: 3/3
   865 | D:4      | Reached skill level 4 in Polearms
   918 | D:4      | Reached XP level 5. HP: 18/47 MP: 4/4
  1296 | D:4      | Reached skill level 5 in Polearms
  1625 | D:5      | Entered Level 5 of the Dungeon
  1625 | D:5      | Noticed a lemure
  1625 | D:5      | Noticed a lemure
  1625 | D:5      | Noticed a lemure
  1627 | D:5      | Noticed Pikel
  1717 | D:5      | Reached XP level 6. HP: 55/55 MP: 5/5
  1727 | D:5      | Found a staircase to the Ecumenical Temple.
  1881 | D:5      | Noticed Blork the orc
  1896 | D:5      | Killed Blork the orc
  1897 | D:5      | Reached skill level 6 in Polearms
  2115 | Temple   | Found a transporter.
  2115 | Temple   | Found a transporter.
  2115 | Temple   | Found a transporter.
  2115 | Temple   | Found a transporter.
  2115 | Temple   | Entered the Ecumenical Temple
  2152 | D:5      | Noticed Menkaure
  2157 | D:5      | Killed Menkaure
  2158 | D:5      | Reached skill level 5 in Fighting
  2158 | D:5      | Reached skill level 5 in Armour
  2167 | D:5      | Slain by an iguana

Illustrated notes

Levels and vault maps discovered:
D:1:      dpeg_arrival_radiant, layout_rooms, minmay_pentomino_t2
D:2:      layout_loops_ring
D:4:      layout_gridville
D:5:      layout_loops_corners, mainiacjoe_overflow_alcove_1,
          minmay_temple_entry_large_hall, uniq_menkaure, uniq_sigmund,
          uniq_blork_the_orc, uniq_pikel
Temple:   hellmonk_temple_divided_pantheon

Skill      XL: |  1  2  3  4  5  6 |
---------------+-------------------+-----
Fighting       | 4 5 |  5.1
Armour         | 4 5 |  5.0
Polearms       | 3 4 5 6 |  6.6
Shields        | 4 |  4.3
Dodging        | |  0.8

Action                     |  1- 3 |  4- 6 || total
---------------------------+-------+-------++-------
  Melee: Trident           |    68 |    63 ||   131
         Headbutt          |     7 |    10 ||    17
 Armour: Scale mail        |    43 |    33 ||    76
  Dodge: Dodged            |    11 |    15 ||    26
  Block: Buckler           |    10 |     8 ||    18

Table legend: (Time is in decaauts)
 A = Elapsed time spent in this place.
 B = Non-inter-level travel time spent in this place.
 C = Inter-level travel time spent in this place.
 D = Time resting spent in this place.
 E = Time spent auto-exploring this place.
 F = Levels seen in this place.
 G = Mean time per level.
                   A        B        C        D        E       F      G
               +--------+--------+--------+--------+--------+-----+--------+
         Total |   2183 |   1994 |    189 |    157 |   1503 |   5 |  436.6 |
       Dungeon |   2151 |   1962 |    189 |    157 |   1503 |   4 |  537.8 |
        Temple |     31 |     31 |      0 |      0 |      0 |   1 |   31.0 |
               +--------+--------+--------+--------+--------+-----+--------+

Top non-repeatable levels by time:
     D:4: 965 daAuts
     D:1: 489 daAuts
     D:5: 455 daAuts
     D:2: 241 daAuts
  Temple: 31 daAuts
